 Dungeon Crawl Stone Soup version 0.19.1 (webtiles) character file.

3993 Letos the Grappler (level 10, 0/60 HPs)
             Began as a Gargoyle Skald on Nov 27, 2016.
             Was a Follower of the Shining One.
             Slain by a troll (9 damage)
             ... on level 9 of the Dungeon.
             The game lasted 00:13:19 (7639 turns).

Letos the Grappler (Gargoyle Skald)                 Turns: 7639, Time: 00:13:21

Health: 0/60       AC: 14    Str: 16    XL:     10   Next: 23%
Magic:  11/13      EV: 13    Int: 14    God:    the Shining One [*.....]
Gold:   266        SH:  0    Dex: 11    Spells: 3 memorised, 8 levels left

rFire  + . .     SeeInvis .       - Unarmed
rCold  . . .     Gourm    .     A - +0 leather armour {rF+}
rNeg   + . .     Faith    .     (no shield)
rPois  ∞         Spirit   .     p - +0 helmet
rElec  +         Reflect  .     x - +0 cloak
rCorr  .         Harm     .     (no gloves)
MR     .....                    e - +0 pair of boots
Stlth  +.........               (no amulet)
                                I - ring of wizardry
                                D - +2 ring of evasion

@: infused, glowing
A: negative energy resistance 1, electricity resistance, unbreathing,
petrification resistance, rot immunity, AC +7
a: Renounce Religion


You were on level 9 of the Dungeon.
You worshipped the Shining One.
The Shining One was aware of your devotion.
You were not hungry.

You visited 2 branches of the dungeon, and saw 10 of its levels.

You collected 266 gold pieces.

Inventory:

Armour
 e - a +0 pair of boots (worn)
 p - a +0 helmet (worn)
 x - a +0 cloak (worn)
 A - a +0 leather armour of fire resistance (worn)
Jewellery
 j - a +1 ring of protection
 n - an uncursed ring of protection from magic
 D - a +2 ring of evasion (left hand)
 I - a ring of wizardry (right hand)
 K - an uncursed ring of positive energy
 M - a +4 ring of slaying {unknown}
 S - an uncursed ring of protection from magic
 U - an uncursed amulet of the gourmand {unknown}
Wands
 G - a wand of iceblast (12/15)
 J - a wand of iceblast (1/15)
 Q - a wand of acid (4/15)
Scrolls
 h - 2 scrolls of fear {unknown}
 l - 2 scrolls of identify
 m - 2 scrolls of recharging {unknown}
 o - a scroll of magic mapping {unknown}
 q - 5 scrolls of remove curse {unknown}
 t - 2 scrolls of random uselessness {unknown}
 u - 6 scrolls of noise {unknown}
 v - 5 scrolls of teleportation {unknown}
 y - a scroll of immolation {unknown}
 z - 2 scrolls of enchant weapon {unknown}
 B - 2 scrolls of fog {unknown}
 C - a scroll of enchant armour {unknown}
 E - a scroll of blinking {unknown}
 F - 2 scrolls of vulnerability {unknown}
 R - a scroll of silence {unknown}
Potions
 d - a potion of cure mutation
 f - 7 potions of flight
 i - a potion of resistance
 k - a potion of lignification
 w - a potion of curing
 H - 2 potions of heal wounds
 L - a potion of magic {unknown}
 N - a potion of mutation {unknown}
 O - a potion of degeneration {unknown}
 P - a potion of cancellation {unknown}
Books
 b - a book of Battle

   Spells                             Type                      Level
   a - Infusion                       Charms                       1
   b - Shroud of Golubria             Charms/Translocation         2
   c - Song of Slaying                Charms                       2
   d - Spectral Weapon                Hexes/Charms                 3
   e - Regeneration                   Charms/Necromancy            3
Comestibles
 a - 4 meat rations
 c - 5 bread rations
 g - a beef jerky
 r - 3 royal jellies
 s - a slice of pizza
 T - 2 chunks of flesh


   Skills:
 + Level 5.9 Fighting
 + Level 5.0 Armour
 - Level 0.7 Dodging
 * Level 13.4 Unarmed Combat
 - Level 2.0 Spellcasting
 - Level 5.3 Charms
 - Level 1.2 Translocations


You had 8 spell levels left.
You knew the following spells:

 Your Spells              Type           Power        Failure   Level  Hunger
a - Infusion              Chrm           ###.         1%          1    ##.....
b - Shroud of Golubria    Chrm/Tloc      ##........   6%          2    ###....
c - Song of Slaying       Chrm           ###.....     2%          2    ###....


Dungeon Overview and Level Annotations

Branches:
Dungeon (9/15)             Temple (1/1) D:6            Lair (0/6) D:9
    Orc: D:9-12

Altars:
Ashenzari
Dithmenos
Elyvilon
Fedhas
Gozag
Hepliaklqana
Kikubaaqudgha
Makhleb
Nemelex Xobeh
Okawaru
Qazlal
Ru
Sif Muna
Trog
Uskayaw
Vehumet
Xom
Yredelemnul
Zin
The Shining One


Innate Abilities, Weirdness & Mutations

You are resistant to torment.
Your stone body is resilient. (AC +7)
You are immune to poison.
You resist negative energy. (rN+)
You are resistant to electric shocks. (rElec)
You can survive without breathing.
You are immune to petrification.
You are immune to rotting.


Message History

The troll bites you!
* * * LOW HITPOINT WARNING * * *
The troll misses you. The troll claws you.
* * * LOW HITPOINT WARNING * * *
You are too injured to fight recklessly!
You completely miss the troll.
The troll is almost dead.
Casting: Shroud of Golubria
Confirm with . or Enter, or press ? or * to list all spells.
You begin infusing your attacks with magical energy.
The troll closely misses you. The troll barely misses you. The troll claws you.
* * * LOW HITPOINT WARNING * * *
You barely miss the troll.
The troll is almost dead.
The troll bites you.
* * * LOW HITPOINT WARNING * * *
The troll claws you.
* * * LOW HITPOINT WARNING * * *
The troll claws you!
You die...

#.# #.#. #### #.# #.#.
... #.# #.#. ##$(
#.###.#. ##...#
######)#.#.#.
##.....#####.......#....
...$.........>........#.
#....T#####.######.###.
#.%.[@####.# #.....
##.##......# ######
########


You could see a troll.

Vanquished Creatures
  The ghost of Firecrotchwizard the Archer, a novice HEHu of Okawaru (D:9)
  Prince Ribbit (D:6)
  A hippogriff (D:9)
  A wyvern (D:8)
  2 hell hounds (D:9)
  2 sky beasts
  3 orc warriors
  2 black bears
  2 necrophages
  An ogre (D:8)
  2 centaurs
  2 big kobolds (D:9)
  4 bullfrogs
  A scorpion (D:5)
  4 crimson imps
  A bullfrog zombie (D:5)
  A gnoll shaman (D:7)
  A hound (D:6)
  An orc priest (D:6)
  3 jellies
  5 bullfrog skeletons
  2 orc wizards
  6 worker ants
  A hound zombie (D:6)
  2 worker ant zombies (D:5)
  Robin (D:2)
  5 gnolls (D:7)
  10 adders
  3 shadow imps
  4 oozes
  A dart slug (D:2)
  8 leopard geckos
  18 orcs
  7 giant cockroaches
  11 goblins
  11 hobgoblins
  20 jackals
  16 kobolds
  2 quokkas
  10 bats
  2 frilled lizards
  A leopard gecko zombie (D:9)
  7 rats
189 creatures vanquished.

Notes
Turn   | Place    | Note
-------+----------+-------------------------------------------
     0 | D:1      | Letos the Gargoyle Skald began the quest for the Orb.
     0 | D:1      | Reached XP level 1. HP: 12/12 MP: 3/3
   283 | D:1      | Reached XP level 2. HP: 7/17 MP: 5/5
   851 | D:2      | Reached skill level 3 in Unarmed Combat
   853 | D:2      | Noticed Robin
   859 | D:2      | Reached XP level 3. HP: 21/21 MP: 6/6
  1103 | D:2      | Killed Robin
  1420 | D:2      | Reached XP level 4. HP: 18/26 MP: 7/7
  1707 | D:2      | Reached skill level 4 in Unarmed Combat
  1916 | D:2      | Found a shimmering altar of Xom.
  2439 | D:3      | Reached XP level 5. HP: 30/30 MP: 8/8
  2764 | D:3      | Reached skill level 12 in Unarmed Combat
  2764 | D:3      | Reached XP level 6. HP: 35/35 MP: 9/9
  2768 | D:3      | Learned a level 2 spell: Shroud of Golubria
  2771 | D:3      | Learned a level 2 spell: Song of Slaying
  2799 | D:3      | Found a shadowy altar of Dithmenos.
  3581 | D:5      | Entered Level 5 of the Dungeon
  3787 | D:5      | Reached XP level 7. HP: 40/40 MP: 10/10
  4635 | D:6      | Reached XP level 8. HP: 48/48 MP: 11/11
  4698 | D:6      | Reached skill level 5 in Charms
  4703 | D:6      | Learned a level 3 spell: Mephitic Cloud
  4748 | D:6      | Found a staircase to the Ecumenical Temple.
  4776 | D:6      | Noticed Prince Ribbit
  4910 | Temple   | Entered the Ecumenical Temple
  4987 | Temple   | Became a worshipper of the Shining One
  5278 | D:6      | Killed Prince Ribbit
  6177 | D:7      | Reached XP level 9. HP: 52/52 MP: 12/12
  6416 | D:7      | Reached skill level 1 in Translocations
  6915 | D:8      | Found a sacrificial altar of Ru.
  6916 | D:8      | Found a radiant altar of Vehumet.
  7012 | D:8      | Reached skill level 5 in Fighting
  7122 | D:8      | Found a glowing silver altar of Zin.
  7158 | D:9      | Reached * piety under the Shining One
  7163 | D:9      | Reached skill level 13 in Unarmed Combat
  7193 | D:9      | Found an ancient bone altar of Kikubaaqudgha.
  7273 | D:9      | Noticed Firecrotchwizard's ghost (novice HEHu)
  7360 | D:9      | Found an iron altar of Okawaru.
  7384 | D:9      | Killed Firecrotchwizard's ghost
  7384 | D:9      | Reached XP level 10. HP: 60/60 MP: 8/13
  7517 | D:9      | Found a staircase to the Lair.
  7558 | D:9      | Reached skill level 5 in Armour
  7639 | D:9      | Slain by a troll

Skill      XL: |  1  2  3  4  5  6  7  8  9 10 |
---------------+-------------------------------+-----
Unarmed Combat | 3 4 12 13 | 13.4
Charms         | 3 4 5 |  5.3
Fighting       | 3 4 5 |  5.9
Armour         | 2 3 4 5 |  5.0
Translocations | 1 |  1.2
Dodging        | |  0.7
Spellcasting   | |  2.0

Action                   |  1- 3 |  4- 6 |  7- 9 | 10-12 || total
-------------------------+-------+-------+-------+-------++-------
Melee: Unarmed           |   156 |   246 |   370 |    37 ||   809
       Punch             |     2 |     5 |    17 |     1 ||    25
 Cast: Shroud of Golubri |       |       |     2 |     3 ||     5
       Song of Slaying   |       |       |     2 |       ||     2
       Infusion          |       |       |     1 |     2 ||     3
  Use: Scroll            |       |     6 |     3 |       ||     9
       Potion            |       |     1 |     2 |       ||     3
 Stab: Sleeping          |       |     1 |       |       ||     1
  Eat: Chunk             |     2 |     8 |     7 |     2 ||    19
       Bread ration      |       |       |     1 |       ||     1
Armor: Leather armour    |    68 |   104 |   116 |    11 ||   299
Dodge: Dodged            |   109 |   153 |   203 |    27 ||   492
